 Dungeon Crawl Stone Soup version 0.27-a0-1595-g0b823d0a13 (webtiles) character file.

Game seed: 15285685825886269248

156431 DocSulfur the Brawler (level 17, 0/169 (180) HPs)
             Began as a Troll Hunter on July 20, 2021.
             Was a High Priest of Ru.
             Slain by a naga warrior (20 damage)
             ... on level 4 of the Snake Pit.
             The game lasted 02:06:37 (26616 turns).

DocSulfur the Brawler (Troll Hunter)               Turns: 26616, Time: 02:06:37

HP:   0/169 (180)   AC: 13    Str: 26    XL:     17   Next: 10%
MP:   12/17         EV: 13    Int:  3    God:    Ru [*****.]
Gold: 2468          SH:  0    Dex: 19    Spells: 24/24 levels left

rFire    + + .     SeeInvis +     - Unarmed
rCold    + + .     Faith    .   (no shield)
rNeg     . . .     Spirit   .   j - +2 robe {Will+}
rPois    +         Reflect  .   w - +3 crown of Dyrovepreva {rElec Int+2 SInv}
rElec    +         Harm     .   D - +2 cloak
rCorr    +         Rampage  +   (gloves unavailable)
Will     ++...     NoTele   +   (boots unavailable)
Stlth    ..........             y - amulet of the Villain {Rampage rC+ Regen+}
HPRegen  2.38/turn              B - ring of poison resistance
MPRegen  0.15/turn              t - ring of Kinnugis {rF++ rC+ rCorr Int-4 Dex+6}

@: exhausted, untranslocatable, unable to read, constricted, studying Shields,
drained
A: large, unfitting armour, claws 3, dopey 1, low mp 2, regeneration 1, shaggy
fur 1, tough skin 1, inability to read while threatened, no stealth, hated by
all, no air magic, no conjurations magic, no hexes magic
a: Renounce Religion, Draw Out Power, Power Leap, Apocalypse


You were on level 4 of the Snake Pit.
You worshipped Ru.
Ru was extremely pleased with you.
You visited 5 branches of the dungeon, and saw 28 of its levels.
You also visited: Bailey.

You collected 3134 gold pieces.
You spent 666 gold pieces at shops.

Inventory:

Missiles
 c - 15 large rocks
 d - 4 throwing nets
 e - 19 javelins (quivered)
 C - 3 curare-tipped darts
 J - 2 boomerangs of dispersal
 K - 18 atropa-tipped darts
 Q - 8 silver javelins
Armour
 f - a +2 robe of positive energy
 j - a +2 robe of willpower (worn)
 w - the +3 crown of Dyrovepreva (worn) {rElec Int+2 SInv}
   (You bought it in a shop on level 2 of the Orcish Mines)

   Int:       It affects your intelligence (+2).
   rElec:     It insulates you from electricity.
   SInv:      It lets you see invisible.
 D - a +2 cloak (worn)
Jewellery
 a - a ring of protection from cold
 k - a +6 ring of strength
 l - an amulet of the acrobat
 t - the ring of Kinnugis (right claw) {rF++ rC+ rCorr Int-4 Dex+6}
   (You acquired it on level 2 of the Orcish Mines)

   [ring of dexterity]

   Int:       It affects your intelligence (-4).
   Dex:       It affects your dexterity (+6).
   rF:        It greatly protects you from fire.
   rC:        It protects you from cold.
   rCorr:     It protects you from acid and corrosion.
 v - a +6 ring of strength
 y - the amulet of the Villain (around neck) {Rampage rC+ Regen+}
   (You found it on level 5 of the Dungeon)

   [amulet of regeneration]

   rC:        It protects you from cold.
   Regen:     It increases your rate of health regeneration.
   Rampage:   It bestows one free step when moving towards enemies.
 A - a ring of flight
 B - a ring of poison resistance (left claw)
 E - a ring of resist corrosion
 G - a ring of see invisible
 L - a +4 ring of slaying
 R - an amulet of reflection
 U - a ring of positive energy
 X - an amulet of magic regeneration
 Y - a ring of protection from fire
Wands
 m - a wand of acid (12)
 p - a wand of polymorph (20)
 F - a wand of paralysis (28)
 H - a wand of iceblast (20)
 P - a wand of digging (6)
Scrolls
 g - 2 scrolls of silence {unknown}
 h - 11 scrolls of teleportation
 n - 3 scrolls of fear
 r - a scroll of brand weapon {unknown}
 s - 9 scrolls of magic mapping
 I - a scroll of immolation {unknown}
 M - 2 scrolls of fog
 N - a scroll of identify
 T - 2 scrolls of vulnerability {unknown}
Potions
 b - 2 potions of magic {unknown}
 i - 2 potions of heal wounds
 o - 4 potions of haste
 q - 2 potions of brilliance {unknown}
 u - a potion of berserk rage {unknown}
 x - 6 potions of curing
 z - 3 potions of cancellation
 O - 3 potions of might {unknown}
 S - a potion of resistance {unknown}
 V - 2 potions of invisibility {unknown}
 W - 2 potions of mutation {unknown}


   Skills:
 - Level 14.0 Fighting
 + Level 14.5 Throwing
 - Level 8.0 Armour
 + Level 11.0 Dodging
 + Level 15.2 Unarmed Combat
 * Level 4.0 Spellcasting


You had 24 spell levels left.
You didn't know any spells.
Your spell library contained the following spells:

 Spells                   Type           Power      Damage    Failure   Level
 Blink                    Tloc           N/A        N/A       52%         2
 Sublimation of Blood     Necr           0%         N/A       52%         2
 Ignite Poison            Fire/Tmut/Pois 0%         N/A       77%         3
 Ozocubu's Armour         Ice            0%         N/A       77%         3
 Spider Form              Tmut/Pois      0%         N/A       77%         3
 Vampiric Draining        Necr           0%         2d6       77%         3
 Olgreb's Toxic Radiance  Pois           0%         N/A       99%         4
 Petrify                  Tmut/Erth      0%         N/A       99%         4
 Alistair's Intoxication  Tmut/Pois      0%         N/A       100%        5
 Blade Hands              Tmut           0%         N/A       100%        5
 Borgnjor's Vile Clutch   Necr/Erth      0%         N/A       100%        5
 Manifold Assault         Tloc           0%         N/A       100%        5
 Eringya's Noxious Bog    Tmut/Pois      0%         N/A       100%        6
 Statue Form              Tmut/Erth      0%         N/A       100%        6
 Ozocubu's Refrigeration  Ice            0%         4d5       100%        7
 Ignition                 Fire           0%         3d3       100%        8
 Shatter                  Erth           0%         3d5*      100%        9
 Ensorcelled Hibernation  Hex/Ice        Unusable   N/A       N/A         2
 Poisonous Vapours        Pois/Air       Unusable   N/A       N/A         2
 Slow                     Hex            Unusable   N/A       N/A         2
 Confusing Touch          Hex            Unusable   N/A       N/A         3
 Conjure Flame            Conj/Fire      Unusable   6-21      N/A         3
 Portal Projectile        Hex/Tloc       Unusable   N/A       N/A         3
 Animate Armour           Summ/Erth      Unusable   N/A       N/A         4
 Sticky Flame             Conj/Fire      Unusable   2d3       N/A         4
 Irradiate                Conj/Tmut      Unusable   3d13      N/A         5
 Iskenderun's Battlesphe  Conj           Unusable   2d6       N/A         5
 Metabolic Englaciation   Hex/Ice        Unusable   N/A       N/A         5
 Summon Forest            Summ/Tloc      Unusable   N/A       N/A         5
 Summon Mana Viper        Hex/Summ       Unusable   N/A       N/A         5
 Iron Shot                Conj/Erth      Unusable   9d1       N/A         6
 Shadow Creatures         Summ           Unusable   N/A       N/A         6
 Simulacrum               Ice/Necr       Unusable   N/A       N/A         6
 Spellforged Servitor     Conj/Summ      Unusable   N/A       N/A         7
 Storm Form               Tmut/Air       Unusable   N/A       N/A         7

Dungeon Overview and Level Annotations

Branches:
Dungeon (15/15)            Temple (1/1) D:4            Lair (6/6) D:10
 Shoals (0/4) Lair:3        Snake (4/4) Lair:2        Slime (0/5) Lair:5
    Orc (2/2) D:11            Elf (0/3) Orc:2        Vaults (0/5) D:14
 Depths (0/5) D:15         Bailey (visited)

Altars:
Ashenzari
Cheibriados
Dithmenos
Elyvilon
Fedhas
Gozag
Hepliaklqana
Kikubaaqudgha
Makhleb
Nemelex Xobeh
Okawaru
Qazlal
Ru
Sif Muna
Trog
Uskayaw
Vehumet
Wu Jian
Xom
Yredelemnul
Zin
The Shining One
Beogh
Jiyva
Lugonu

Shops:
D:9 =   Orc:1 =   Orc:2 (:[*   Snake:1 :   Snake:2 ?:=:


Innate Abilities, Weirdness & Mutations

You are too large for most types of armour.
You have claws for hands.
You are dopey. (Int -2)
Your magical capacity is very low. (-20% MP)
Your natural rate of healing is unusually fast.
You are covered in fur. (AC +1)
You have tough skin. (AC +1)
You sometimes lose the ability to read scrolls when taking damage.
You cannot be stealthy.
You are hated by all.
You cannot study or cast Air magic.
You cannot study or cast Conjurations magic.
You cannot study or cast Hexes magic.


Message History

The anaconda bites you but does no damage.
* * * LOW HITPOINT WARNING * * *
The anaconda constricts you.
The naga mage gestures wildly while chanting.
The naga mage seems to speed up.
The anaconda bites you but does no damage.
A naga comes into view. It is wielding a +0 mace.
You feel much better.
You feel sick. The anaconda bites you!
* * * LOW HITPOINT WARNING * * *
x2 The anaconda constricts you.
The anaconda is stunned by your conviction and fails to attack.
The naga warrior begins to attack, but is stunned by your conviction!
You redirect the naga mage's attack!
The anaconda bites you!
* * * LOW HITPOINT WARNING * * *
x2 The anaconda constricts you.
The naga begins to attack, but is stunned by your conviction!
The guardian serpent casts a spell at you.
The anaconda barely misses you.
You hear a shout!
You feel much better.
You feel sick.
You redirect the anaconda's attack!
The anaconda closely misses itself.
* * * LOW HITPOINT WARNING * * *
The anaconda constricts you.
The naga mage gestures at the guardian serpent while chanting.
The naga warrior hits you with a +0 short sword!
* * * LOW HITPOINT WARNING * * *
The anaconda bites you.
* * * LOW HITPOINT WARNING * * *
The anaconda closely misses you. The anaconda constricts you.
You feel much better.
You feel sick.
You are no longer poisoned.
The anaconda bites you.
* * * LOW HITPOINT WARNING * * *
The anaconda bites you!
* * * LOW HITPOINT WARNING * * *
x2 The anaconda constricts you.
The naga warrior hits you with a +0 short sword!!
You die...

...# .#..)#..
#...###.....###
#?.....)).$....
#.#N.N...⌠).)..
#.......N...)..
###S)...#
##NS#.N.#+
#NSN#N..#
#@S##S..# ####
...# #.## .# ..


You could see 2 naga warriors, a nagaraja (fast), 2 anacondas, a mana viper, a
guardian serpent and a naga.

Vanquished Creatures
  Rupert (D:14)
  Kirke (D:15)
  2 nagarajas
  An orc warlord (Orc:2)
  An ettin (Orc:1)
  Snorg (Lair:4)
  Josephine (D:13)
  A great orb of eyes (D:14)
  A fire dragon (D:14)
  2 naga warriors (Snake:2)
  3 boulder beetles
  2 ogre magi (D:15)
  3 catoblepae (Lair:6)
  8 anacondas
  8 hydras
  5 centaur warriors
  Erica (D:11)
  A salamander tyrant (Snake:3)
  A two-headed ogre (shapeshifter) (D:14)
  10 two-headed ogres
  A tengu warrior (D:15)
  14 death yaks
  3 orc high priests (Orc:2)
  2 naga sharpshooters (Snake:1)
  5 shock serpents
  The ghost of Conn the Firebug, a novice OpFE of Sif Muna (D:9)
  4 salamander mystics
  6 skeletal warriors
  A flayed ghost (D:15)
  4 naga ritualists
  Pikel (D:4)
  A deep elf zephyrmancer (Orc:1)
  2 orc knights
  A shadow dragon zombie (D:15)
  A necromancer (D:15)
  4 oklob plants
  A wolf spider (D:15)
  9 mana vipers
  4 deep elf pyromancers
  5 ugly things (D:15)
  4 orc sorcerers (Orc:2)
  2 manticores (Lair:6)
  6 salamanders
  3 cyclopes (D:15)
  8 elephants
  A spriggan zombie (D:15)
  Maurice (D:9)
  A merfolk siren (Lair:3)
  29 black mambas
  7 naga magi
  10 cane toads
  Psyche (D:11)
  A kobold demonologist (D:12)
  Maggie (D:6)
  2 efreet (D:15)
  11 komodo dragons
  3 rime drakes
  A freezing wraith (D:15)
  6 trolls
  4 polar bears
  2 merfolk (Lair:3)
  Prince Ribbit (D:5)
  6 dream sheep (Lair:2)
  16 slime creatures
  25 blink frogs
  A shadow (D:10)
  Sigmund (D:4)
  67 yaks
  An ice dragon skeleton (D:15)
  6 wyverns
  7 wraiths
  20 humans
  4 basilisks
  19 vampire mosquitoes
  Menkaure (D:6)
  4 wargs (Orc:2)
  20 nagas
  3 acid dragons
  Duvessa (D:4)
  22 water moccasins
  A swamp drake (Orc:1)
  A hornet zombie (D:9)
  2 ice beasts
  2 black bears
  51 orc warriors
  A necrophage (D:9)
  8 ogres
  15 centaurs
  3 phantoms
  4 kobold brigands
  9 bullfrogs
  2 wyvern zombies
  2 scorpions
  Dowan (D:4)
  2 gnoll sergeants
  A tengu zombie (D:15)
  3 howler monkeys
  17 wights
  An electric eel (D:7)
  A crimson imp (Orc:1)
  7 centaur zombies
  An iron imp (Orc:1)
  A bullfrog skeleton (D:6)
  2 hounds
  13 orc priests
  3 centaur skeletons
  2 jellies (D:3)
  Natasha (thrice) (D:4)
  26 orc wizards
  2 mummies (D:9)
  A howler monkey zombie (D:8)
  Robin (D:4)
  19 gnolls
  6 adders
  A shadow imp (Orc:1)
  3 white imps
  An adder skeleton (D:4)
  2 dart slugs
  98 orcs
  6 endoplasms
  4 giant cockroaches
  17 goblins
  9 hobgoblins
  3 iguanas
  4 jackals (D:1)
  25 kobolds
  3 quokkas
  6 ball pythons
  6 bats
  3 frilled lizards
  2 rats
860 creatures vanquished.

Vanquished Creatures (others)
  A deep elf zephyrmancer (Orc:1)
  A slime creature (D:13)
  An ogre (Orc:2)
  2 orcs (Orc:1)
  49 fungi
  31 plants
  5 toadstools (D:15)
  5 withered plants
95 creatures vanquished.

Grand Total: 955 creatures vanquished

Notes
Turn   | Place    | Note
-------+----------+-------------------------------------------
     0 | D:1      | DocSulfur the Troll Hunter began the quest for the Orb.
     0 | D:1      | Reached XP level 1. HP: 19/19 MP: 0/0
    79 | D:1      | Reached skill level 1 in Unarmed Combat
    83 | D:1      | Reached XP level 2. HP: 22/27 MP: 1/1
   120 | D:1      | Reached skill level 2 in Unarmed Combat
   299 | D:1      | Reached XP level 3. HP: 33/33 MP: 2/2
   400 | D:1      | Reached skill level 3 in Unarmed Combat
  1157 | D:2      | Reached XP level 4. HP: 41/41 MP: 3/3
  1588 | D:4      | Noticed a scorpion
  1637 | D:5      | Entered Level 5 of the Dungeon
  1701 | D:4      | Found a staircase to the Ecumenical Temple.
  1712 | Temple   | Entered the Ecumenical Temple
  1924 | D:3      | Noticed an ice beast
  2091 | D:3      | Killed an ice beast
  2092 | D:3      | Reached skill level 4 in Unarmed Combat
  2092 | D:3      | Reached XP level 5. HP: 48/48 MP: 4/4
  2228 | D:3      | Found a stormy altar of Qazlal.
  2268 | D:3      | Found a shimmering altar of Xom.
  2368 | D:3      | Reached skill level 5 in Unarmed Combat
  2553 | D:4      | Reached XP level 6. HP: 44/55 MP: 5/5
  2888 | D:4      | Noticed Sigmund
  2910 | D:4      | Killed Sigmund
  2911 | D:4      | Reached skill level 5 in Throwing
  2911 | D:4      | Reached skill level 6 in Unarmed Combat
  2911 | D:4      | Reached XP level 7. HP: 62/62 MP: 6/6
  2957 | D:4      | Noticed Robin
  2963 | D:4      | Killed Robin
  3187 | D:4      | Noticed Natasha
  3190 | D:4      | Killed Natasha
  3239 | D:4      | Noticed Natasha
  3245 | D:4      | Killed Natasha
  3428 | D:4      | Noticed Duvessa
  3428 | D:4      | Noticed Dowan
  3508 | D:4      | Killed Duvessa
  3509 | D:4      | Reached skill level 7 in Unarmed Combat
  3513 | D:4      | Killed Dowan
  3594 | D:4      | Noticed Pikel
  3665 | D:4      | Killed Pikel
  3666 | D:4      | Reached skill level 8 in Unarmed Combat
  3666 | D:4      | Reached XP level 8. HP: 34/70 MP: 7/7
  4028 | D:4      | Noticed Natasha
  4034 | D:4      | Killed Natasha
  4109 | D:5      | Noticed Prince Ribbit
  4264 | D:6      | Noticed a two-headed ogre
  4466 | D:5      | Reached skill level 9 in Unarmed Combat
  4477 | D:5      | Identified the amulet of the Villain {Rampage rC+ Regen+}
  4743 | D:5      | Killed Prince Ribbit
  5098 | D:6      | Noticed a two-headed ogre
  5140 | D:6      | Noticed Menkaure
  5148 | D:6      | Killed Menkaure
  5149 | D:6      | Reached XP level 9. HP: 75/76 MP: 8/8
  5334 | D:6      | Reached skill level 10 in Unarmed Combat
  5379 | D:6      | Noticed Maggie
  5389 | D:6      | Killed Maggie
  5687 | D:6      | Killed a two-headed ogre
  6053 | D:7      | Found a sacrificial altar of Ru.
  6081 | D:7      | Became a worshipper of Ru the Awakened
  6132 | D:7      | Reached skill level 10 in Throwing
  6561 | D:7      | Found a runed translucent door.
  6568 | D:7      | Found a basalt altar of Yredelemnul.
  6591 | D:7      | Reached XP level 10. HP: 88/88 MP: 9/9
  6645 | D:7      | Found a bloodstained altar of Trog.
  6705 | D:7      | Found an iron altar of Okawaru.
  6709 | D:7      | Found a hazy altar of Hepliaklqana.
  6940 | D:7      | Found a shimmering blue altar of Sif Muna.
  6944 | D:7      | Got Sif Muna's Handbook of Intoxication
  6948 | D:7      | Found a glowing silver altar of Zin.
  7271 | D:8      | Reached skill level 5 in Fighting
  7360 | D:8      | Found a flagged portal.
  7379 | Bailey   | Entered a bailey
  7501 | Bailey   | Gained mutation: You are dopey. (Int -2) [Ru sacrifice]
  7936 | Bailey   | Identified the +10 executioner's axe "Umol" {vorpal, Int-3
                  | Dex+10}
  8067 | Bailey   | Reached XP level 11. HP: 109/109 MP: 10/10
  8541 | D:9      | Found Poamicw's Jewellery Shoppe.
  8580 | D:9      | Noticed a boulder beetle
  8620 | D:9      | Found a blossoming altar of Fedhas.
  8652 | D:9      | Found a large runed translucent door.
  8652 | D:9      | Found a large runed translucent door.
  8656 | D:9      | Noticed Conn's ghost (novice OpFE)
  8787 | D:9      | Noticed a two-headed ogre
  8797 | D:9      | Killed a two-headed ogre
  8798 | D:9      | Reached XP level 12. HP: 89/122 MP: 11/11
  8944 | D:9      | Killed a boulder beetle
  9090 | D:9      | Identified the +7 trident "Giwkut" {drain, rPois}
  9102 | D:9      | Noticed Maurice
  9120 | D:9      | Killed Maurice
  9235 | D:9      | Killed Conn's ghost
  9377 | D:9      | Gained mutation: You are hated by all. [Ru sacrifice]
  9377 | D:9      | Reached * piety under Ru
  9377 | D:9      | Reached ** piety under Ru
  9418 | D:10     | Entered Level 10 of the Dungeon
  9418 | D:10     | Found a staircase to the Lair.
  9430 | D:10     | Reached skill level 10 in Fighting
  9478 | D:10     | Found a glowing golden altar of the Shining One.
  9831 | D:10     | Found an ancient bone altar of Kikubaaqudgha.
  9944 | D:10     | Found a sparkling altar of Nemelex Xobeh.
  9944 | D:10     | Found an opulent altar of Gozag.
 10050 | D:11     | Identified 2 scrolls of acquirement
 10059 | D:11     | Noticed Psyche
 10365 | D:11     | Found a staircase to the Orcish Mines.
 10500 | D:11     | Noticed Erica
 10507 | D:11     | Killed Erica
 11087 | D:11     | Killed Psyche
 11199 | D:12     | Reached skill level 1 in Armour
 11291 | D:14     | Noticed an eight-headed hydra
 11373 | D:14     | Noticed Rupert
 11373 | D:14     | Noticed a centaur warrior
 11373 | D:14     | Noticed a great orb of eyes
 11373 | D:14     | Noticed a centaur warrior
 11373 | D:14     | Noticed a centaur warrior
 11373 | D:14     | Found a gate to the Vaults.
 11741 | D:13     | Reached skill level 5 in Armour
 11764 | D:13     | Noticed a centaur warrior
 11781 | D:13     | Killed a centaur warrior
 11782 | D:13     | Reached XP level 13. HP: 118/133 MP: 12/12
 11905 | D:13     | Noticed Josephine
 12753 | Lair:1   | Entered Level 1 of the Lair of Beasts
 13627 | Lair:1   | Identified the +5 whip of Classification {vorpal, rN++
                  | Int-3}
 13832 | Lair:2   | Found a staircase to the Snake Pit.
 14046 | Lair:2   | Reached skill level 11 in Unarmed Combat
 14587 | Lair:2   | Identified the +0 cloak "Gexzalus" {Harm}
 14765 | Lair:3   | Acquired a manual of Fighting
 15232 | Lair:3   | Reached XP level 14. HP: 146/146 MP: 13/13
 15345 | Lair:3   | Found a staircase to the Shoals.
 15411 | Lair:3   | Identified the +3 kite shield of Fallacy {rC- Str+4 Int+2
                  | Dex+6}
 15879 | Lair:4   | Gained mutation: You cannot be stealthy. [Ru sacrifice]
 16198 | Lair:4   | Reached skill level 12 in Unarmed Combat
 16691 | Lair:4   | Noticed Snorg
 16695 | Lair:4   | Killed Snorg
 16975 | Lair:5   | Found a staircase to the Slime Pits.
 17521 | Lair:5   | Gained mutation: You sometimes lose the ability to read
                  | scrolls when taking damage. [Ru sacrifice]
 17521 | Lair:5   | Reached *** piety under Ru
 17521 | Lair:5   | Reached **** piety under Ru
 17536 | Lair:6   | Entered Level 6 of the Lair of Beasts
 18614 | Lair:6   | Reached XP level 15. HP: 120/162 MP: 14/14
 18750 | Lair:6   | Reached skill level 13 in Unarmed Combat
 19017 | Lair:6   | Identified the ring "Cutwegedd" {Int+7 Dex+6}
 19688 | D:13     | Killed Josephine
 20108 | D:14     | Gained mutation: You cannot study or cast Air magic. [Ru
                  | sacrifice]
 20108 | D:14     | Gained mutation: You cannot study or cast Hexes magic. [Ru
                  | sacrifice]
 20108 | D:14     | Gained mutation: You cannot study or cast Conjurations
                  | magic. [Ru sacrifice]
 20108 | D:14     | Reached ***** piety under Ru
 20282 | D:15     | Entered Level 15 of the Dungeon
 20643 | D:15     | Noticed Kirke
 20667 | D:15     | Killed Kirke
 20884 | Orc:1    | Entered Level 1 of the Orcish Mines
 20892 | Orc:1    | Found Jeisussu's Jewellery Shop.
 21721 | Orc:2    | Entered Level 2 of the Orcish Mines
 21728 | Orc:2    | Noticed an orc warlord
 21736 | Orc:2    | Found Piunaste's Antique Armour Shop.
 21744 | Orc:2    | Killed an orc warlord
 21749 | Orc:2    | Reached skill level 14 in Unarmed Combat
 21801 | Orc:2    | Found a staircase to the Elven Halls.
 21926 | Orc:2    | Found Miopud's General Store.
 22021 | Orc:2    | Found a burning altar of Makhleb.
 22039 | Orc:2    | Found Elulyim's Book Shoppe.
 22049 | Orc:2    | Gained mutation: Your magical capacity is low. (-10% MP)
                  | [Ru sacrifice]
 22382 | Orc:2    | Found Lale's Antique Weapon Shoppe.
 22424 | Orc:2    | Acquired the ring of Kinnugis {rF++ rC+ rCorr Int-4 Dex+6}
 22546 | Orc:2    | Bought the +3 crown of Dyrovepreva {rElec Int+2 SInv} for
                  | 621 gold pieces
 22546 | Orc:2    | Found the +3 crown of Dyrovepreva {rElec Int+2 SInv}
 22976 | D:14     | Killed Rupert
 22977 | D:14     | Reached XP level 16. HP: 150/160 MP: 13/13
 23086 | D:15     | Reached skill level 10 in Dodging
 23235 | D:15     | Found a staircase to the Depths.
 23499 | D:15     | Found a glowing silver altar of Zin.
 24476 | Snake:1  | Entered Level 1 of the Snake Pit
 24603 | Snake:1  | Identified the +1 ring mail of the Grey Skies {Int+6}
 24656 | Snake:1  | Reached skill level 1 in Spellcasting
 24806 | Snake:1  | Found Jelel's Book Shop.
 24827 | Snake:1  | Gained mutation: Your magical capacity is very low. (-20%
                  | MP) [Ru sacrifice]
 24865 | Snake:2  | Found Roasaces's Magic Scroll Shoppe.
 24906 | Snake:2  | Bought a scroll of teleportation for 45 gold pieces
 25068 | Snake:2  | Found Muebreizuv's Book Emporium.
 25068 | Snake:2  | Found Quhigh's Jewellery Boutique.
 25070 | Snake:2  | Found Joesiwics's Book Emporium.
 25226 | Snake:2  | Reached skill level 15 in Unarmed Combat
 25303 | Snake:2  | Got the Collected Works on Dusty Translocation
 26234 | Snake:3  | Reached XP level 17. HP: 163/180 MP: 17/17
 26585 | Snake:4  | Entered Level 4 of the Snake Pit
 26616 | Snake:4  | Slain by a naga warrior

Illustrated notes

Levels and vault maps discovered:
D:1:      scummos_arrival_simple_crosswalls, layout_loops_ring,
          minmay_nonomino_d4
D:2:      layout_loops_corners
D:3:      layout_loops_ring, dk_xom_monty_hall, mainiacjoe_overflow_alcove_2
D:4:      layout_layer_cave, minmay_temple_entry_mist, minmay_misc_feat_alley,
          uniq_duvessa, uniq_pikel, uniq_natasha, uniq_sigmund, uniq_robin
D:5:      layout_loops_cross, nrook_campfire, kennysheep_generic_room_11,
          uniq_prince_ribbit1
D:6:      layout_cave_pods, uniq_maggie, uniq_menkaure
D:7:      layout_rooms, nzn_overflow_gifts_of_might_and_magic,
          dk_yredelemnul_ordeal, mainiacjoe_overflow_alcove_1,
          nicolae_ru_great_annihilating_truth, minitemple, serial_bayou,
          serial_bayou_pond_c, hangedman_abyss_or_decor_slice, minmay_holes,
          serial_park_tiny_pond, feat_on_display
D:8:      layout_cave_pools, enter_bailey_6, minmay_starry_boxes
D:9:      layout_irregular_city, lemuel_crystal_altar, serial_undead,
          serial_undead_c, serial_undead_d, serial_undead_a, serial_undead_b,
          serial_undead_d, serial_undead_f, serial_shops, shop,
          ebering_ghost_disaster_area, uniq_maurice
D:10:     layout_gridville, grunt_temple_overflow_opulence, lemuel_tele_altar,
          kennysheep_mini, lair_entry_dummy
D:11:     layout_irregular_city, orc_david_3, uniq_psyche, uniq_erica
D:12:     layout_loops_ring
D:13:     layout_basic, special_room [special_room_orc], uniq_josephine
D:14:     layout_rooms, david_vaults_3, minivault_26, gauntlet_entry_generic,
          grunt_ministairs_15
D:15:     gammafunk_depths_entry_grave, layout_irregular_city,
          grunt_ministairs_9, minmay_gold_behind_fungi, zin_academy, uniq_kirke
Temple:   corrupted_temple
Lair:1:   layout_regular_city, st_stairs_13
Lair:2:   layout_cave_pods, minmay_snake_entry_guardpost_small,
          beast_lair_carwin_8, serial_bayou_shore_a
Lair:3:   layout_roguey, elwin_shoals_entry_rooms, minmay_lair_oklob_chamber
Lair:4:   layout_small_grid, beast_lair_carwin_3, uniq_snorg
Lair:5:   layout_small_grid, slime_altar_1
Lair:6:   evilmike_catoblepas_cave, layout_gridlike
Snake:1:  layout_onion, serial_shops, shop
Snake:2:  layout_misc_corridors, serial_shops, shop, minmay_shop_grove
Snake:3:  layout_layer_cave
Snake:4:  grunt_snake_rune_pools, layout_misc_corridors, grunt_ministairs_6,
          nrook_guardian_serpent_double, minmay_shop_star
Orc:1:    layout_diamond_mine, basic_altar, serial_shops, shop,
          hangedman_minor_magic
Orc:2:    grunt_orc_gardens, layout_diamond_mine, grunt_orc_garden,
          grunt_orc_garden, grunt_orc_garden, grunt_orc_garden, bloody_makhleb,
          uniq_rupert

Skill      XL: |  1  2  3  4  5  6  7  8  9 10 11 12 13 14 15 16 17 |
---------------+----------------------------------------------------+-----
Unarmed Combat | 1 2 3 4 5 6 8 9 10 11 12 14 15 | 15.2
Throwing       | 4 5 6 7 10 11 12 13 14 | 14.5
Fighting       | 2 7 8 10 11 13 14 | 14.0
Dodging        | 7 8 9 10 11 | 11.0
Armour         | 5 8 |  8.0
Spellcasting   | 3 4 |  4.0

Action                   |  1- 3 |  4- 6 |  7- 9 | 10-12 | 13-15 | 16-18 || total
-------------------------+-------+-------+-------+-------+-------+-------++-------
Melee: Unarmed           |   101 |    75 |   280 |   628 |  1031 |   360 ||  2475
       Punch             |     3 |     3 |    11 |    31 |    87 |    33 ||   168
Throw: Large rock        |       |     9 |    14 |    16 |     6 |       ||    45
       Throwing net      |       |       |     1 |     1 |       |       ||     2
       Javelin           |       |       |       |    44 |   157 |    56 ||   257
       Dart              |       |       |       |     1 |       |       ||     1
       Boomerang         |       |       |       |       |     2 |       ||     2
Invok: Sacrifice Purity  |       |       |       |     1 |       |       ||     1
       Sacrifice Love    |       |       |       |     1 |       |       ||     1
       Reject Sacrifices |       |       |       |     1 |       |       ||     1
       Sacrifice Words   |       |       |       |       |     1 |       ||     1
       Sacrifice Stealth |       |       |       |       |     1 |       ||     1
       Power Leap        |       |       |       |       |     4 |     1 ||     5
       Apocalypse        |       |       |       |       |     2 |     2 ||     4
       Sacrifice Essence |       |       |       |       |     1 |     1 ||     2
       Sacrifice Arcana  |       |       |       |       |     1 |       ||     1
Evoke: Wand              |       |       |       |     2 |       |       ||     2
  Use: Scroll            |       |     3 |       |     5 |    13 |       ||    21
       Potion            |       |       |       |     1 |     1 |     4 ||     6
 Stab: Sleeping          |     1 |       |     1 |     1 |     1 |       ||     4
       Distracted        |       |       |     1 |       |     2 |     3 ||     6
       Paralysed         |       |       |       |     3 |     5 |     1 ||     9
       Held in net/web   |       |       |       |     3 |       |       ||     3
       Invisible         |       |       |       |       |     6 |    13 ||    19
Armor: Robe              |    29 |    21 |    57 |   210 |   206 |   109 ||   632
Dodge: Dodged            |    59 |    45 |   123 |   323 |   436 |   204 ||  1190

Table legend: (Time is in decaauts)
 A = Elapsed time spent in this place.
 B = Non-inter-level travel time spent in this place.
 C = Inter-level travel time spent in this place.
 D = Time resting spent in this place.
 E = Time spent auto-exploring this place.
 F = Levels seen in this place.
 G = Mean time per level.
                   A        B        C        D        E       F      G
               +--------+--------+--------+--------+--------+-----+--------+
         Total |  26211 |  24272 |   1939 |    149 |   9501 |  29 |  903.8 |
       Dungeon |  15047 |  14030 |   1017 |     36 |   5180 |  15 | 1003.1 |
        Temple |     75 |     75 |      0 |      0 |     18 |   1 |   75.0 |
          Lair |   6627 |   5987 |    640 |     18 |   2325 |   6 | 1104.5 |
     Snake Pit |   2058 |   1971 |     87 |     95 |   1046 |   4 |  514.5 |
  Orcish Mines |   1722 |   1528 |    194 |      0 |    882 |   2 |  861.0 |
        Bailey |    680 |    680 |      0 |      0 |     50 |   1 |  680.0 |
               +--------+--------+--------+--------+--------+-----+--------+

Top non-repeatable levels by time:
     D:4: 1686 daAuts
  Lair:6: 1417 daAuts
    D:13: 1370 daAuts
  Lair:2: 1183 daAuts
  Lair:4: 1121 daAuts
  Lair:3: 1115 daAuts
    D:11: 1108 daAuts
    D:15: 1080 daAuts
  Lair:1: 1078 daAuts
    D:14: 1076 daAuts
     D:6: 1064 daAuts
     D:7: 981 daAuts
     D:2: 943 daAuts
     D:5: 930 daAuts
    D:12: 922 daAuts
